 Dungeon Crawl Stone Soup version 0.25.0-26-g0c896c7088 (webtiles) character file.

Game seed: 2642718154149265823

41 protoss039 the Vexing (level 3, -1/24 HPs)
             Began as a Vampire Enchanter on July 4, 2020.
             Slain by a rat (2 damage)
             ... on level 2 of the Dungeon.
             The game lasted 00:04:08 (982 turns).

protoss039 the Vexing (Vampire Enchanter)            Turns: 982, Time: 00:04:08

Health: -1/24      AC:  3    Str:  7    XL:     3   Next: 32%
Magic:  6/6        EV: 13    Int: 18    God:
Gold:   70         SH:  0    Dex: 14    Spells: 5/6 levels left

rFire    . . .     SeeInvis +   a - +1 dagger
rCold    . . .     Gourm    .   (no shield)
rNeg     . . .     Faith    .   b - +0 robe
rPois    .         Spirit   .   (no helmet)
rElec    .         Reflect  .   (no cloak)
rCorr    .         Harm     .   d - +0 pair of gloves (curse)
MR       .....                  (no boots)
Stlth    +++.......             (no amulet)
HPRegen  0.28/turn              (no ring)
MPRegen  0.10/turn              (no ring)

@: regenerating quickly
A: no food, fangs 3, see invisible, unbreathing
a: Exsanguinate


You were on level 2 of the Dungeon.
You were alive.

You visited 1 branch of the dungeon, and saw 2 of its levels.

You collected 70 gold pieces.

Inventory:

Hand Weapons
 a - a +1 dagger (weapon)
Armour
 b - a +0 robe (worn)
 d - a cursed +0 pair of gloves (worn)
Scrolls
 c - 3 scrolls of identify {unknown}
 e - a scroll of enchant armour {unknown}
Potions
 f - a potion of heal wounds {unknown}
 g - a potion of flight {unknown}


   Skills:
 + Level 0.2 Fighting
 + Level 1.5 Short Blades
 + Level 2.4 Dodging
 + Level 4.9 Stealth
 + Level 2.2 Spellcasting
 + Level 5.3 Hexes


You had 5 spell levels left.
You knew the following spells:

 Your Spells              Type           Power        Failure   Level  Hunger
a - Corona                Hex            ###....      1%          1    N/A

Your spell library contained the following spells:

 Spells                   Type           Power        Failure   Level  Hunger
 Confusing Touch          Hex            ###.....     6%          3    N/A
 Tukima's Dance           Hex            ###.....     6%          3    N/A
 Ensorcelled Hibernation  Hex/Ice        ##....       9%          2    N/A
 Dazzling Flash           Conj/Hex       ##....       17%         3    N/A

Dungeon Overview and Level Annotations

Branches:
Dungeon (2/15)

Altars:

Annotations:
D:2 Sigmund


Innate Abilities, Weirdness & Mutations

You do not eat.
Your natural rate of healing is unusually fast.
You have razor-sharp teeth.
You have supernaturally acute eyesight. (SInv)
You can survive without breathing.


Message History

Unknown command.
Unknown command.
You hit Sigmund but do no damage.
Sigmund is severely wounded.
The rat closely misses you. Sigmund casts a spell at you.
The puff of flame hits you.
* * * LOW HITPOINT WARNING * * *
Unknown command.
Unknown command.
You hit Sigmund but do no damage.
Sigmund is severely wounded.
The rat misses you. Sigmund casts a spell at you. You resist with some effort.
Unknown command.
You closely miss Sigmund.
Sigmund is severely wounded.
The rat bites you.
You die...

........######
........................
..$.....................
........................
........................
........................
........................
.......?................
......@@................
......r.................
........................
........................
#####...................
#.......$.....).....
#....###............
#....# #.........(..
###### #############


You could see Sigmund and a rat.

Vanquished Creatures
  A leopard gecko (D:1)
  3 bats (D:1)
  3 giant cockroaches (D:1)
  3 goblins (D:1)
  6 hobgoblins
  4 jackals (D:1)
  A ball python (D:2)
  2 frilled lizards (D:1)
  8 kobolds
  2 rats
33 creatures vanquished.

Notes
Turn   | Place    | Note
-------+----------+-------------------------------------------
     0 | D:1      | protoss039 the Vampire Enchanter began the quest for the
                  | Orb.
     0 | D:1      | Reached XP level 1. HP: 13/13 MP: 3/3
   160 | D:1      | Reached XP level 2. HP: 8/19 MP: 3/5
   238 | D:1      | Reached skill level 5 in Hexes
   528 | D:1      | Reached XP level 3. HP: 24/24 MP: 4/6
   962 | D:2      | Noticed Sigmund
   980 | D:2      | HP: 1/24 [Sigmund/puff of flame (5)]
   982 | D:2      | Slain by a rat

Illustrated notes

Levels and vault maps discovered:
D:1:      dpeg_arrival_round_c, layout_rooms
D:2:      layout_basic, nicolae_gozag_seed_capital, trog_book,
          uniq_crazy_yiuf_cottage, uniq_sigmund

Skill      XL: |  1  2 |
---------------+-------+-----
Hexes          | 5 |  5.3
Fighting       | |  0.2
Short Blades   | |  1.5
Dodging        | |  2.4
Stealth        | |  4.9
Spellcasting   | |  2.2

Action                   || total
-------------------------++-------
Melee: Dagger            ||   151
       Bite              ||     8
 Cast: Corona            ||    28
 Stab: Sleeping          ||     8
Armor: Robe              ||    35
Dodge: Dodged            ||   117
